Map: Oxide LE

Players

GOLIAT

  • Race: Zerg Zerg
  • League: Gold

xxxtentasian - Winner!

  • Race: Protoss Protoss
  • League: Gold

VOD

Have the link to the VOD?

Description

Time

  • Played on: June 14, 2021, 6:39 p.m.
  • Length: 14:05
Show
View Real Time Build Order
Export as new Build Order

GOLIAT Zerg 

Build Orders: Pool First, Roach Nydus 

Get SALT Encoding   

  12  0:09  Overlord  
  12  0:15  Drone  
  12  0:19  Drone  
  14  0:29  Drone  
  14  0:35  Drone  
  16  0:45  Spawning Pool  
  16  0:46  Drone  
  16  0:55  Drone, Extractor  
  16  1:08  Drone  
  17  1:35  Zergling x4  
  17  1:38  Zergling x2  
  20  2:04  Hatchery  
  19  2:10  Metabolic Boost  
  19  2:16  Overlord  
  19  2:18  Queen  
  19  2:20  Drone  
  21  3:03  Roach Warren  
  21  3:05  Lair  
  20  3:08  Extractor  
  19  3:13  Zergling x4  
  19  3:14  Zergling x2  
  19  3:17  Drone  
  23  3:23  Spore Crawler  
  22  3:39  Overlord  
  22  3:44  Drone x2  
  22  3:45  Drone x2  
  26  4:09  Nydus Network  
  25  4:18  Drone x3  
  28  4:26  Roach  
  28  4:27  Roach x5  
  40  4:41  Queen x2  
  44  4:52  Overlord  
  44  5:17  Overlord x3  
  44  5:37  Ravager  
  44  5:38  Ravager x5  
  44  5:41  Roach x2  
  44  5:42  Roach  
  56  5:50  Drone x2  
  56  5:51  Drone x3  
  61  5:57  Roach  
  61  6:02  Roach  
  65  6:13  Roach  
  65  6:14  Overlord  
  67  6:23  Nydus Canal  
  67  6:28  Zergling x2  
  67  6:30  Overlord  
  67  6:31  Overlord  
  68  6:33  Zergling x4  
  70  6:47  Roach x2  
  67  7:34  Zergling x2  
  67  7:35  Roach x5  
  43  8:45  Roach x2, Zergling x2  
  43  8:46  Roach x3  
  33  9:36  Drone x4  
  33  9:37  Drone x2  
  39  9:40  Extractor  
  39  9:41  Queen  
  39  9:43  Extractor  
  39  9:57  Zergling x4  
  39  9:58  Queen  
  43  10:02  Hatchery  
  42  10:17  Queen  
  44  10:22  Zergling x6  
  47  10:34  Pneumatized Carapace  
  47  10:38  Roach x2  
  47  10:39  Roach x2  
  55  10:48  Zergling x2  
  56  10:53  Queen  
  56  10:55  Zergling x4  
  60  11:07  Roach x2  
  60  11:08  Roach x3  
  70  11:33  Roach x4  
  76  11:46  Overlord  
  76  11:47  Overlord  
  71  12:05  Roach x4  
  71  12:07  Ravager x4  
  76  12:16  Roach x5  
  76  12:20  Overseer  
  86  12:32  Roach  
  86  12:33  Roach x5  
  64  12:55  Zergling x4  
  64  12:56  Zergling x4  
  44  13:13  Zergling x4  
  44  13:14  Zergling x6  
  35  13:29  Overlord  
  35  13:30  Zergling x8  
  35  13:31  Zergling x2  
Show
View Real Time Build Order
Export as new Build Order

xxxtentasian Protoss - Winner!

Build Orders: 1 Gate Expand 

Get SALT Encoding   

  12  0:01  Probe  
  13  0:13  Probe  
  14  0:22  Pylon  
  14  0:25  Probe  
  15  0:40  Probe (Chrono Boost)  
  16  0:50  Gateway  
  16  0:53  Probe (Chrono Boost)  
  17  1:15  Probe, Assimilator  
  18  1:26  Nexus  
  18  1:27  Probe  
  19  1:39  Probe  
  20  1:45  Cybernetics Core  
  20  1:57  Probe  
  20  2:02  Zealot (Chrono Boost)  
  22  2:10  Pylon  
  22  2:16  Gateway  
  22  2:24  Shield Battery  
  22  2:25  Warp Gate  
  22  2:41  Stalker (Chrono Boost)  
  24  3:04  Probe (Chrono Boost)  
  26  3:14  Probe (Chrono Boost)  
  26  3:15  Probe (Chrono Boost)  
  26  3:19  Probe (Chrono Boost)  
  27  3:20  Probe (Chrono Boost)  
  29  3:32  Probe (Chrono Boost)  
  31  3:35  Assimilator  
  31  3:36  Probe (Chrono Boost)  
  31  3:39  Stalker x2  
  31  3:40  Probe (Chrono Boost)  
  36  3:43  Probe (Chrono Boost)  
  36  3:46  Probe  
  38  3:48  Nexus  
  38  3:54  Probe (Chrono Boost), Pylon  
  39  4:06  Probe (Chrono Boost)  
  39  4:13  Probe (Chrono Boost)  
  39  4:16  Pylon  
  40  4:20  Probe, Stalker  
  40  4:21  Stalker  
  45  4:31  Probe  
  45  4:34  Probe  
  45  4:35  Pylon  
  47  4:39  Assimilator  
  47  4:41  Assimilator  
  47  4:44  Probe  
  48  4:46  Probe  
  49  4:55  Gateway  
  49  4:56  Gateway, Probe  
  49  4:58  Probe  
  51  5:00  Twilight Council  
  51  5:03  Robotics Facility  
  51  5:15  Probe  
  52  5:27  Forge  
  52  5:28  Probe  
  53  5:36  Forge  
  53  5:37  Probe  
  53  5:40  Probe  
  55  5:53  Nexus  
  55  5:55  Assimilator  
  55  5:57  Assimilator  
  55  5:58  Blink  
  55  6:00  Protoss Ground Weapons Level 1  
  55  6:06  Stalker x3  
  61  6:14  Pylon  
  61  6:15  Pylon  
  61  6:24  Pylon  
  61  6:28  Probe  
  61  6:32  Probe  
  63  6:38  Stalker x2  
  67  6:40  Probe  
  67  6:44  Probe  
  69  6:53  Probe  
  66  6:56  Probe  
  66  7:00  Stalker x2  
  70  7:05  Probe  
  70  7:06  Immortal  
  75  7:08  Probe  
  76  7:17  Probe  
  76  7:20  Probe  
  74  7:44  Stalker  
  74  7:45  Stalker  
  76  7:52  Immortal (Chrono Boost), Pylon x2  
  76  7:54  Pylon  
  72  8:11  Stalker x3  
  72  8:12  Stalker  
  63  8:59  Shield Battery  
  63  9:00  Shield Battery  
  63  9:02  Shield Battery  
  59  9:20  Stalker x2  
  59  9:21  Stalker x2  
  67  9:55  Gateway  
  67  9:57  Gateway  
  67  10:00  Pylon  
  67  10:01  Pylon  
  67  10:08  Nexus  
  67  10:09  Stalker x3  
  67  10:10  Stalker  
  67  10:11  Assimilator  
  75  10:15  Assimilator  
  66  11:18  Probe  
  52  11:30  Probe (Chrono Boost)  
  53  11:42  Probe (Chrono Boost)  
  53  11:50  Probe (Chrono Boost)  
  54  11:56  Probe  
  54  11:58  Stalker x4  
  54  11:59  Stalker  
  54  12:00  Stalker  
  67  12:08  Probe  
  67  12:14  Warp Prism  
  71  12:22  Probe (Chrono Boost)  
  71  12:29  Gateway  
  71  12:31  Gateway  
  71  12:32  Probe (Chrono Boost)  
  72  12:37  Probe (Chrono Boost)  
  72  12:38  Stalker  
  72  12:39  Stalker  
  72  12:40  Stalker x3  
  72  12:41  Stalker  
  75  12:49  Probe  
  75  12:50  Warp Prism  
  72  13:01  Probe  
  67  13:13  Pylon  
  67  13:16  Pylon  
  67  13:17  Pylon  
  67  13:19  Stalker x3  
  71  13:20  Stalker x2  
  71  13:21  Stalker  
  75  13:33  Stalker x2  
Tags
 
Add a new tag
Caveats
  • Supply blocks, unpowered buildings, or Contaminate may cause inaccurate times.
  • Supply counts are checked every 10 seconds.